 Dungeon Crawl Stone Soup version 0.28.0 (webtiles) character file.

Game seed: 83402498574232229

928 Strat the Cudgeller (level 7, -3/59 HPs)
             Began as a Palentonga Hedge Wizard on Feb 8, 2022.
             Was an Initiate of Ashenzari.
             Slain by an ogre (18 damage)
             ... on level 6 of the Dungeon.
             The game lasted 00:19:41 (10176 turns).

Strat the Cudgeller (Palentonga Hedge Wizard)      Turns: 10176, Time: 00:19:42

Health: -3/59      AC: 17    Str: 15    XL:     7   Next: 85%
Magic:  11/11      EV:  7    Int: 14    God:    Ashenzari [......]
Gold:   182        SH:  0    Dex: 10    Spells: 7/12 levels left

rFire   . . .      SeeInvis +   a - +0 flail
rCold   + . .      Faith    .   (no shield)
rNeg    . . .      Spirit   .   k - +1 scale mail {rC+}
rPois   .          Reflect  .   q - +0 helmet
rElec   .          Harm     .   u - +0 cloak
rCorr   .          Rampage  .   o - +0 pair of gloves
Will    +....                   (no barding)
Stlth   ..........              (no amulet)
HPRegen 0.19/turn               w - ring of willpower
MPRegen 0.12/turn               (no ring)

@: about to teleport, curled up
A: large, rugged brown scales 3, see invisible, deformed body, roll 1, armoured
tail, reflexive curl
a: Rolling Charge, Renounce Religion


You were on level 6 of the Dungeon.
You worshipped Ashenzari.
Ashenzari was noncommittal.
You visited 2 branches of the dungeon, and saw 7 of its levels.

You collected 182 gold pieces.

Inventory:

Hand Weapons
 a - a +0 flail (weapon)
 f - a +0 short sword
 g - a +0 dagger
 i - a +0 trident
Missiles
 d - 143 stones
 j - 3 boomerangs
 p - a throwing net
 r - 31 sling bullets
 x - 3 poisoned darts
Armour
 b - a +0 robe
 h - a +0 ring mail of positive energy
 k - a +1 scale mail of cold resistance (worn)
 m - a +0 ring mail
 o - a +0 pair of gloves (worn)
 q - a +0 helmet (worn)
 u - a +0 cloak (worn)
Jewellery
 w - a ring of willpower (left hand)
Wands
 n - a wand of digging (5)
Scrolls
 e - a scroll of teleportation
 s - a scroll of enchant weapon {unknown}
Potions
 c - a potion of lignification
 t - a potion of mutation {unknown}


   Skills:
 - Level 5.2 Fighting
 + Level 6.2 Maces & Flails
 + Level 0.0 Armour
 - Level 1.5 Dodging
 - Level 1.2 Stealth
 - Level 3.0 Spellcasting
 - Level 1.9 Conjurations
 - Level 2.0 Summonings
 - Level 1.0 Translocations


You had 7 spell levels left.
You knew the following spells:

 Your Spells              Type           Power      Damage    Failure   Level
a - Magic Dart            Conj           28%        1d4       38%         1
b - Call Imp              Summ           7%         N/A       52%         2
c - Blink                 Tloc           8%         N/A       65%         2

Your spell library contained the following spells:

 Spells                   Type           Power      Damage    Failure   Level
 Animate Skeleton         Necr           4%         N/A       65%         1
 Pain                     Necr           8%         1d4       65%         1
 Slow                     Hex            8%         N/A       65%         1
 Conjure Flame            Conj/Fire      4%         6-21      88%         3
 Mephitic Cloud           Conj/Pois/Air  3%         N/A       91%         3
 Vampiric Draining        Necr           2%         2d6       95%         3


Dungeon Overview and Level Annotations

Branches:
Dungeon (6/15)             Temple (1/1) D:5

Altars:
Ashenzari
Dithmenos
Fedhas
Gozag
Hepliaklqana
Kikubaaqudgha
Nemelex Xobeh
Okawaru
Qazlal
Sif Muna
Uskayaw
Wu Jian
Xom
Yredelemnul
Zin
The Shining One

Annotations:
D:5 1 runed translucent door, Crazy Yiuf, Pikel


Innate Abilities, Weirdness & Mutations

You are completely covered in rugged brown scales. (AC +3, +7% HP)
You have supernaturally acute eyesight. (SInv)
Armour fits poorly on your strangely shaped body.
You can roll at nearby foes to attack.
You have a long armoured tail.
You curl defensively after being hit. (AC +7*)


Message History

The orc hits you but does no damage. The orc hits you with a +0 hand axe.
* * * LOW HITPOINT WARNING * * *
You hit the orc but do no damage.
Your tail-slap misses the orc.
The orc hits you with a +0 mace.
* * * LOW HITPOINT WARNING * * *
The orc hits you but does no damage.
You hit the orc.
The orc is heavily wounded.
The orc hits you but does no damage. The orc closely misses you.
You sock the orc!
You kill the orc!
The orc hits you with a +0 mace!
* * * LOW HITPOINT WARNING * * *
Things that are here:
a +0 hand axe; a +0 leather armour Your magical contamination has completely faded away.
Pikel shouts!
The lemure shouts!
The orc completely misses you.
The orc hits you with a +0 hand axe of electrocution.
* * * LOW HITPOINT WARNING * * *
You are electrocuted!
* * * LOW HITPOINT WARNING * * *
As you read the scroll of fear, it crumbles to dust.
You assume a fearsome visage.
Pikel looks frightened!
The orc looks frightened!
The lemure looks frightened!
The orc looks frightened!
Pikel almost stumbles in trying to escape.
Cornered, the orc turns to fight!
Cornered, Pikel turns to fight!
There is a stone staircase leading down here.
You climb downwards.
The bullfrog croaks.
The water moccasin hisses angrily.
The ogre shouts!
The water moccasin barely misses you.
There is a stone staircase leading up here.
A centaur skeleton comes into view.
Found 16 bolts.
As you read the scroll of teleportation, it crumbles to dust.
You feel strangely unstable.
The ogre hits you with a +0 giant spiked club!!
You die...

#######
#......
.......
.......
#.(....
#......##
.......Z#
#######@#
#.....O##
.......S.#
.......F##
........#
.........
##.......
#.......
#.......#


You could see a water moccasin, an ogre, a bullfrog and a centaur skeleton.

Vanquished Creatures
  2 ogres (D:4)
  A necrophage (D:5)
  2 lemures
  A phantom (D:5)
  2 howler monkeys
  A hound (D:3)
  A jelly (D:5)
  A centaur skeleton (D:5)
  An orc priest (D:4)
  3 iguanas
  A hound skeleton (D:5)
  A gnoll (D:2)
  3 adders
  An adder skeleton (D:5)
  A worm (D:4)
  A dart slug (D:1)
  10 orcs
  5 bats
  4 endoplasms
  2 giant cockroaches
  10 goblins
  4 hobgoblins
  4 jackals
  8 quokkas
  8 ball pythons
  4 kobolds
  2 rats (D:1)
84 creatures vanquished.

Vanquished Creatures (collateral kills)
  An ogre (D:4)
  A lemure (D:4)
  A hound (D:3)
  An orc priest (D:5)
  An iguana (D:4)
  2 gnolls (D:2)
  A worm (D:2)
  An orc (D:5)
  A hobgoblin (D:4)
10 creatures vanquished.

Grand Total: 94 creatures vanquished

Notes
Turn   | Place    | Note
-------+----------+-------------------------------------------
     0 | D:1      | Strat the Palentonga Hedge Wizard began the quest for the
                  | Orb.
     0 | D:1      | Reached XP level 1. HP: 13/13 MP: 4/4
    11 | D:1      | Reached skill level 1 in Conjurations
   626 | D:1      | Reached XP level 2. HP: 20/20 MP: 4/6
   629 | D:1      | Learned a level 2 spell: Call Imp
   632 | D:1      | Learned a level 2 spell: Blink
   667 | D:1      | Reached skill level 1 in Summonings
  1496 | D:2      | Reached XP level 3. HP: 25/25 MP: 2/7
  1871 | D:2      | Reached skill level 1 in Fighting
  2093 | D:2      | Found a faded altar of an unknown god.
  2588 | D:2      | Reached XP level 4. HP: 8/35 MP: 2/8
  4135 | D:3      | Reached XP level 5. HP: 39/43 MP: 5/9
  4137 | D:3      | Noticed a water moccasin
  4763 | D:4      | Noticed a sky beast
  5205 | D:4      | Found a blossoming altar of Fedhas.
  5803 | D:4      | Noticed an ogre
  6257 | D:4      | Noticed an ogre
  6261 | D:4      | Noticed an ogre
  6424 | D:4      | Reached skill level 1 in Maces & Flails
  6424 | D:4      | Reached XP level 6. HP: 38/53 MP: 7/10
  6599 | D:5      | Entered Level 5 of the Dungeon
  6750 | D:4      | Reached skill level 2 in Maces & Flails
  6763 | D:4      | Reached skill level 3 in Maces & Flails
  7209 | D:4      | Reached skill level 4 in Maces & Flails
  7209 | D:4      | Gained mutation: You curl defensively after being hit. (AC
                  | +7*) [Palentonga growth]
  7209 | D:4      | Reached XP level 7. HP: 12/58 MP: 3/11
  7792 | D:5      | Found a runed translucent door.
  7793 | D:5      | Noticed Crazy Yiuf
  8052 | D:5      | Found a hide-covered altar of Uskayaw.
  8052 | D:5      | Found a shimmering blue altar of Sif Muna.
  8061 | D:5      | Reached skill level 5 in Maces & Flails
  8065 | D:5      | Found a faded altar of an unknown god.
  8070 | D:5      | Found a stormy altar of Qazlal.
  8071 | D:5      | Found a glowing golden altar of the Shining One.
  8162 | D:5      | Noticed Pikel
  8392 | D:5      | Reached skill level 6 in Maces & Flails
  8392 | D:5      | Reached skill level 5 in Fighting
  8749 | D:5      | Found a staircase to the Ecumenical Temple.
  8758 | Temple   | Entered the Ecumenical Temple
  8888 | Temple   | Became a worshipper of Ashenzari the Shackled
  9583 | D:5      | Found an opulent altar of Gozag.
  9584 | D:5      | Found a glowing silver altar of Zin.
 10176 | D:6      | Slain by an ogre

Illustrated notes

Levels and vault maps discovered:
D:1:      dpeg_arrival_arbitrary_a, layout_loops_ring, minmay_tromino_v2
D:2:      layout_loops_cross, chequers_ecumenical_altar_island, minmay_quantized
D:3:      layout_basic
D:4:      layout_gridville, marbit_many_paths, st_stairs_4
D:5:      layout_loops_ring, grunt_temple_overflow_gold_and_silver,
          chequers_temple_overflow_minitemple, minmay_temple_entry_hall,
          nicolae_sextant, uniq_pikel, uniq_crazy_yiuf_cottage
D:6:      layout_gridville, elyvilon_altar_5, minmay_misc_feat_four_crosses,
          uniq_blork_the_orc, uniq_prince_ribbit1, uniq_grinder
Temple:   compressed_dpeg_triangle_lava_temple

Skill      XL: |  1  2  3  4  5  6  7 |
---------------+----------------------+-----
Conjurations   | 1 |  1.9
Summonings     | 1 2 |  2.0
Fighting       | 2 3 4 5 |  5.2
Maces & Flails | 1 4 6 |  6.2
Dodging        | |  1.5
Stealth        | |  1.2
Spellcasting   | |  3.0
Translocations | |  1.0

Action                   |  1- 3 |  4- 6 |  7- 9 || total
-------------------------+-------+-------+-------++-------
Melee: Dagger            |    15 |       |       ||    15
       Short sword       |    69 |    58 |       ||   127
       Tailslap          |    10 |    15 |    22 ||    47
       Trident           |       |    18 |       ||    18
       Flail             |       |    27 |   103 ||   130
       Punch             |       |     1 |     1 ||     2
 Cast: Magic Dart        |    29 |    40 |     7 ||    76
       Call Imp          |     6 |    22 |    12 ||    40
       Blink             |       |     2 |       ||     2
  Use: Scroll            |       |     8 |     3 ||    11
       Potion            |       |     5 |       ||     5
 Stab: Sleeping          |     3 |     3 |     1 ||     7
       Distracted        |       |     2 |       ||     2
Armor: Robe              |    27 |    48 |    35 ||   110
       Scale mail        |       |       |    14 ||    14
Dodge: Dodged            |    41 |    48 |    38 ||   127
